Map: 애씨드 플랜트 - 래더

Players

soO

  • Race: Zerg Zerg
  • League: Master
  • Spawn Location: 5:00

soul - Winner!

  • Race: Terran Terran
  • Spawn Location: 11:00

Event: HomeStory Cup XVIII

VOD

Have the link to the VOD?

Description

Time

  • Played on: Nov. 23, 2018, 7:14 a.m.
  • Length: 18:02

All games in this series

Show
View Real Time Build Order
Export as new Build Order

soO Zerg 

Build Orders: Hatch First 

Get SALT Encoding   

  12  0:00  Drone  
  13  0:12  Overlord  
  13  0:16  Drone  
  14  0:30  Drone x2  
  14  0:34  Drone  
  17  0:50  Hatchery  
  17  0:54  Drone  
  17  0:58  Drone  
  18  1:13  Spawning Pool  
  18  1:16  Drone  
  18  1:19  Drone  
  18  2:00  Zergling x4  
  18  2:01  Zergling x2  
  21  2:02  Queen x2  
  21  2:08  Zergling x2  
  26  2:12  Zergling x2  
  27  2:17  Overlord  
  22  2:38  Zergling x4  
  22  2:39  Zergling x4  
  22  2:42  Queen  
  22  2:43  Zergling x2  
  28  2:54  Zergling x2  
  28  2:58  Zergling x2  
  28  3:06  Spine Crawler x2  
  28  3:09  Spine Crawler  
  25  3:19  Zergling x6  
  28  3:23  Zergling x2  
  29  3:28  Zergling x2  
  29  3:31  Zergling x2  
  29  3:34  Zergling x2  
  32  3:55  Drone x4  
  27  3:56  Drone  
  27  3:59  Drone  
  23  4:07  Drone x2  
  25  4:17  Drone x2  
  25  4:18  Extractor  
  25  4:19  Extractor  
  25  4:30  Drone x2  
  21  4:39  Drone  
  21  4:40  Drone  
  23  4:47  Drone x2  
  23  4:48  Drone  
  26  4:53  Drone  
  26  4:57  Drone  
  26  4:59  Drone  
  29  5:04  Drone  
  30  5:09  Metabolic Boost  
  30  5:12  Drone  
  31  5:15  Drone  
  31  5:17  Drone  
  33  5:22  Drone x2  
  33  5:27  Overlord  
  35  5:29  Drone  
  36  5:43  Hatchery  
  36  5:46  Drone x3  
  36  5:48  Drone  
  39  5:57  Queen  
  39  5:58  Overlord  
  39  5:59  Drone  
  39  6:00  Drone  
  43  6:08  Drone  
  43  6:09  Overlord  
  44  6:13  Overlord  
  44  6:17  Drone  
  45  6:20  Drone  
  45  6:21  Roach Warren  
  45  6:23  Lair  
  45  6:25  Drone  
  46  6:27  Drone  
  46  6:28  Drone  
  46  6:29  Drone  
  46  6:30  Drone  
  50  6:33  Drone  
  50  6:36  Queen  
  53  6:41  Drone  
  53  6:42  Drone  
  53  6:43  Extractor, Drone  
  53  6:46  Extractor  
  54  6:50  Overlord  
  54  6:55  Drone  
  54  6:59  Drone x3  
  58  7:02  Roach x3  
  64  7:11  Drone  
  64  7:12  Drone  
  64  7:15  Overlord  
  66  7:21  Drone x3  
  69  7:23  Glial Reconstitution  
  69  7:24  Roach x3  
  69  7:29  Ravager x2  
  77  7:31  Roach x2  
  77  7:32  Overlord  
  77  7:35  Overseer  
  81  7:39  Overlord  
  81  7:40  Evolution Chamber  
  81  7:43  Evolution Chamber  
  79  7:44  Overlord  
  79  7:47  Overlord  
  79  7:51  Overlord  
  79  7:53  Drone x3  
  79  7:54  Overlord  
  82  8:03  Drone x6  
  88  8:06  Overseer  
  88  8:09  Zerg Missile Weapons Level 1  
  88  8:10  Zerg Ground Armor Level 1  
  88  8:11  Drone  
  89  8:15  Roach x3  
  95  8:20  Drone x2  
  95  8:21  Drone x4  
  95  8:23  Extractor  
  95  8:24  Extractor  
  95  8:25  Roach x2  
  95  8:26  Roach  
  105  8:38  Baneling Nest  
  103  8:49  Drone  
  103  8:54  Zergling x12  
  103  8:55  Zergling x8  
  114  8:58  Infestation Pit  
  113  9:04  Overlord  
  113  9:09  Hatchery, Zergling x10  
  118  9:10  Zergling x2  
  118  9:20  Centrifical Hooks  
  118  9:28  Drone  
  118  9:29  Drone x3  
  118  9:30  Overlord x3  
  118  9:31  Overlord  
  122  9:36  Hive  
  122  9:39  Overlord  
  122  9:46  Overlord  
  122  9:50  Hatchery  
  121  9:54  Drone x6  
  127  10:04  Zerg Ground Armor Level 2  
  127  10:05  Drone x2, Zerg Melee Weapons Level 1  
  127  10:06  Drone x2  
  131  10:07  Zergling x4  
  131  10:08  Zergling x4  
  133  10:23  Drone x2  
  133  10:26  Drone  
  133  10:27  Drone x4  
  138  10:38  Zergling x14  
  143  10:50  Viper x3  
  143  10:51  Zergling x4  
  143  10:52  Ultralisk Cavern  
  153  10:58  Ravager x2  
  153  11:01  Extractor  
  153  11:02  Baneling x10  
  153  11:03  Baneling  
  154  11:05  Zergling x2  
  154  11:06  Zergling x10  
  154  11:07  Baneling x10  
  154  11:08  Overseer, Baneling x2  
  154  11:10  Zergling x4  
  162  11:14  Zergling x4  
  162  11:15  Zergling x2  
  165  11:22  Zergling x4  
  165  11:23  Zergling x2  
  165  11:28  Ravager x2  
  165  11:29  Ravager, Zergling x4  
  170  11:34  Baneling x12  
  170  11:37  Zergling x10  
  170  11:40  Hatchery  
  166  11:47  Zergling x10  
  166  11:52  Ultralisk x2  
  170  12:04  Overlord x3  
  169  12:16  Overlord x2  
  169  12:21  Overlord x2  
  159  12:26  Ultralisk  
  159  12:28  Unknown x2  
  155  12:34  Ultralisk  
  155  12:36  Drone x3  
  159  12:42  Drone x2  
  159  12:43  Drone  
  162  12:44  Drone  
  162  12:45  Drone x2  
  162  12:50  Zerg Ground Armor Level 3  
  165  12:55  Spawning Pool  
  161  13:06  Ultralisk Cavern  
  161  13:07  Drone  
  161  13:09  Drone x2  
  157  13:21  Drone x4  
  157  13:25  Hatchery  
  160  13:30  Zerg Melee Weapons Level 2  
  160  13:33  Drone  
  160  13:34  Drone x6  
  167  13:47  Unknown  
  167  13:48  Unknown  
  160  13:54  Zergling x22  
  160  13:55  Zergling x2  
  172  13:57  Queen  
  172  14:02  Hatchery, Zergling x6  
  176  14:07  Zergling x6  
  176  14:08  Zergling x12, Chitinous Plating  
  180  14:30  Baneling Nest  
  174  14:42  Ultralisk  
  174  14:43  Ultralisk x3  
  194  14:54  Overseer x2  
  194  14:56  Hatchery  
  193  15:11  Adrenal Glands  
  193  15:12  Hatchery  
  192  15:19  Baneling x5  
  192  15:20  Baneling x4  
  192  15:27  Zergling x16, Anabolic Synthesis  
  170  15:46  Viper  
  170  15:47  Viper x2  
  165  15:50  Zergling x2  
  165  15:51  Zergling x6  
  134  16:01  Zergling x10  
  134  16:02  Zergling x14  
  144  16:09  Spore Crawler  
  120  16:36  Ultralisk x2  
  120  16:37  Zergling x16  
  140  16:46  Baneling x7  
  134  16:58  Zergling x22  
  134  16:59  Zergling x2  
  144  17:07  Baneling  
  144  17:08  Baneling x11  
  144  17:10  Zergling x16  
  144  17:15  Spire, Hatchery  
  149  17:20  Hatchery  
  148  17:26  Zergling x20  
Show
View Real Time Build Order
Export as new Build Order

soul Terran - Winner!

Build Orders:  

Get SALT Encoding   

  12  0:00  SCV  
  13  0:13  Supply Depot  
  13  0:18  SCV  
  14  0:33  SCV  
  15  0:38  Barracks  
  15  0:52  Barracks  
  15  1:06  Barracks  
  15  1:12  SCV  
  16  1:25  Marine  
  16  1:27  Orbital Command  
  17  1:39  Marine  
  18  1:44  Marine  
  18  1:55  Marine  
  18  1:57  Marine  
  20  2:01  Marine  
  20  2:05  SCV  
  21  2:12  Marine  
  21  2:14  Supply Depot  
  21  2:15  Marine  
  23  2:16  Bunker  
  23  2:22  Bunker  
  23  2:35  Marine x3  
  25  2:39  SCV  
  24  2:52  Bunker  
  24  2:53  Marine x3  
  24  2:54  SCV  
  28  3:09  Supply Depot, Refinery  
  28  3:10  Marine  
  28  3:11  Marine  
  31  3:12  SCV  
  31  3:17  Marine  
  31  3:31  SCV  
  31  3:33  Supply Depot  
  34  3:43  SCV  
  36  3:55  SCV  
  30  4:07  SCV  
  31  4:12  Command Center  
  31  4:15  Factory  
  31  4:19  SCV  
  28  4:34  SCV  
  24  4:46  SCV  
  24  4:48  Command Center  
  24  4:58  SCV  
  24  4:59  Starport  
  27  5:00  Hellion  
  27  5:03  Refinery  
  27  5:10  SCV  
  28  5:16  Barracks Tech Lab  
  28  5:17  Marine x2  
  28  5:18  Supply Depot  
  30  5:22  SCV  
  30  5:23  Factory Tech Lab  
  31  5:28  Orbital Command  
  31  5:34  SCV  
  32  5:37  Stimpack  
  32  5:47  SCV  
  32  5:48  Supply Depot  
  32  5:49  Marine  
  34  5:54  SCV  
  35  5:59  SCV  
  35  6:01  Starport Reactor  
  35  6:04  Marine  
  37  6:06  SCV  
  37  6:10  Siege Tank  
  37  6:11  SCV  
  44  6:13  Orbital Command  
  43  6:19  Supply Depot, SCV  
  43  6:25  Barracks Reactor  
  43  6:27  Supply Depot, SCV  
  43  6:30  Refinery  
  43  6:31  SCV  
  45  6:39  SCV  
  46  6:41  Engineering Bay  
  46  6:42  Engineering Bay  
  46  6:43  Starport Reactor, SCV x2  
  48  6:48  Marine x2  
  48  6:51  SCV  
  51  6:55  Refinery, SCV x2  
  51  6:56  Marine  
  54  7:02  Marine  
  54  7:03  SCV, Orbital Command  
  54  7:05  Marine  
  54  7:06  Marine x2  
  54  7:07  SCV  
  60  7:09  Terran Infantry Weapons Level 1  
  60  7:11  Terran Infantry Armor Level 1  
  60  7:15  SCV  
  61  7:17  Marine  
  61  7:19  SCV  
  61  7:20  Marine  
  64  7:23  Marine x2  
  64  7:27  SCV  
  64  7:28  SCV  
  64  7:29  Supply Depot  
  68  7:31  SCV  
  68  7:32  Medivac  
  68  7:33  Medivac  
  73  7:39  Marine, SCV  
  73  7:40  SCV  
  73  7:42  Supply Depot  
  73  7:44  Supply Depot  
  76  7:46  Marine x3, Siege Tank  
  76  7:48  SCV  
  76  7:51  Combat Shield, SCV  
  81  7:54  SCV  
  83  7:59  Marine x2  
  83  8:00  SCV  
  83  8:03  Armory, SCV  
  87  8:06  SCV  
  87  8:11  Marine x3  
  91  8:15  SCV  
  91  8:16  Marine  
  91  8:17  Marine  
  91  8:18  Siege Tank, SCV  
  99  8:20  Medivac  
  99  8:22  Liberator  
  99  8:26  SCV  
  101  8:29  Marine, Barracks x2  
  101  8:31  Supply Depot  
  101  8:32  Supply Depot  
  102  8:35  Marine x4  
  109  8:46  Bunker, Refinery  
  109  8:47  Marine, Refinery  
  109  8:48  SCV  
  111  8:51  Bunker  
  111  8:52  Siege Tank  
  111  8:53  Marine  
  111  8:54  Marine x2, Marauder  
  119  8:56  SCV  
  119  8:57  SCV  
  119  9:00  SCV  
  121  9:05  Supply Depot  
  121  9:06  Supply Depot, Marine  
  121  9:08  SCV  
  121  9:09  Concussive Shells, SCV  
  122  9:12  SCV  
  122  9:13  Terran Infantry Weapons Level 2  
  122  9:15  Marauder  
  125  9:20  SCV  
  125  9:21  SCV  
  125  9:22  Supply Depot  
  125  9:23  Supply Depot  
  127  9:24  Unknown  
  127  9:27  Missile Turret  
  127  9:31  Terran Infantry Armor Level 2  
  127  9:33  Unknown  
  127  9:34  Terran Vehicle Weapons Level 1  
  127  9:35  Barracks Tech Lab, Barracks Reactor  
  127  9:36  Marine x3, SCV  
  127  9:37  Marauder  
  133  9:40  Supply Depot  
  133  9:41  Supply Depot  
  133  9:43  Supply Depot  
  133  9:46  Siege Tank  
  133  9:52  Medivac  
  138  9:55  Medivac  
  138  9:57  Marine, Marauder  
  138  9:59  Marine x2, Marauder  
  147  10:12  Factory  
  145  10:18  Siege Tank, Command Center  
  146  10:22  Medivac  
  146  10:25  Medivac  
  146  10:26  Marine x7  
  146  10:27  Marauder  
  154  10:44  Marine x4  
  154  10:47  Marine x2  
  154  10:48  Marine, Marauder  
  163  10:52  Medivac  
  163  10:55  Medivac, SCV x3  
  170  10:59  Siege Tank  
  170  11:01  Unknown  
  170  11:02  Factory Tech Lab, Marine x4  
  177  11:05  Marine x3  
  177  11:09  Marine  
  181  11:12  Barracks x2  
  181  11:13  Barracks  
  181  11:18  SCV  
  182  11:20  Marine  
  182  11:24  Marauder  
  182  11:25  Marine, Siege Tank  
  187  11:27  Marauder  
  187  11:32  Siege Tank  
  193  11:35  Medivac x2  
  197  11:40  Marine x2  
  197  11:46  Marine  
  200  11:47  Planetary Fortress  
  200  11:49  Ghost Academy  
  198  11:57  Siege Tank  
  196  12:04  Siege Tank, Barracks Tech Lab  
  196  12:05  Command Center  
  198  12:10  Medivac  
  198  12:19  Medivac  
  188  12:29  Siege Tank  
  191  12:36  Siege Tank  
  181  12:39  Barracks Tech Lab  
  181  12:40  Ghost, Medivac  
  181  12:41  Refinery, Command Center  
  183  12:49  Medivac  
  185  12:56  Ghost  
  185  12:57  Ghost  
  189  13:03  Ghost  
  191  13:11  Barracks Tech Lab  
  190  13:15  Ghost  
  192  13:25  Ghost  
  192  13:26  Siege Tank  
  195  13:39  Sensor Tower  
  195  13:42  Refinery, Sensor Tower  
  185  13:48  Ghost x2  
  185  13:53  Planetary Fortress  
  185  13:54  Orbital Command  
  184  14:01  Unknown x3  
  184  14:05  Marine x5  
  184  14:06  Marine x4, Liberator  
  184  14:08  Command Center  
  193  14:17  Marine x2, Liberator  
  193  14:23  Marine x8  
  200  14:24  Marauder  
  200  14:31  Starport  
  199  14:32  Starport, Fusion Core  
  199  14:35  Marine  
  197  14:41  Marine x3  
  200  14:46  Unknown  
  198  14:53  Marine  
  198  14:58  Command Center  
  199  15:01  Terran Infantry Weapons Level 3, Terran Infantry Armor Level 3, Command Center  
  199  15:03  Terran Vehicle And Ship Armor Level 1  
  199  15:14  Command Center  
  199  15:26  Liberator  
  199  15:27  Liberator  
  173  15:43  Marine x10, Marauder  
  173  15:48  Siege Tank  
  182  15:56  Siege Tank  
  171  16:01  Marine x9, Marauder  
  173  16:05  Marauder  
  173  16:09  Starport Reactor, Liberator x2, Starport Tech Lab  
  175  16:13  Liberator  
  172  16:18  Marine  
  172  16:19  Marine x8  
  172  16:22  Marine  
  181  16:25  Marine, Unknown  
  189  16:36  Marine x3  
  189  16:37  Marauder x3  
  189  16:38  Orbital Command  
  192  16:43  Liberator  
  192  16:45  Planetary Fortress  
  192  16:52  Liberator  
  192  16:53  Ghost  
  194  16:56  Unknown x4  
  195  17:03  Planetary Fortress  
  195  17:06  Missile Turret x2  
  195  17:14  Command Center  
  198  17:25  Missile Turret  
  198  17:26  Missile Turret  
  198  17:27  Sensor Tower  
  198  17:28  Ghost x2  
  175  17:39  Marauder x3  
Tags
 
Add a new tag
Caveats
  • Supply blocks, unpowered buildings, or Contaminate may cause inaccurate times.
  • Supply counts are checked every 10 seconds.